 Dungeon Crawl Stone Soup version 0.26-a0-812-g31a745ddcd (webtiles) character file.

Game seed: 3498802512937741926

2760 kae the Changer (level 9, -4/55 HPs)
             Began as a Tengu Transmuter on Nov 19, 2020.
             Slain by a boulder beetle (59 damage)
             ... on level 7 of the Dungeon.
             The game lasted 00:09:26 (12597 turns).

kae the Changer (Tengu Transmuter)                 Turns: 12597, Time: 00:09:26

Health: -4/55      AC:  5    Str: 13    XL:     9   Next: 69%
Magic:  13/14      EV: 15    Int: 13    God:
Gold:   163        SH:  0    Dex: 16    Spells: 5/14 levels left

rFire    . . .     SeeInvis .     - Unarmed
rCold    + . .     Faith    .   (no shield)
rNeg     . . .     Spirit   .   a - +1 robe
rPois    +         Reflect  .   (helmet restricted)
rElec    .         Harm     .   w - +0 cloak
rCorr    .         Rampage  .   q - +0 pair of gloves
MR       .....                  (boots unavailable)
Stlth    +.........             (no amulet)
HPRegen  0.18/turn              i - ring of poison resistance
MPRegen  0.14/turn              r - ring of protection from cold

@: about to teleport, flying quickly and evasively, quick
A: beak, talons 3, able to fly
a: Stop Flying


You were on level 7 of the Dungeon.
You visited 2 branches of the dungeon, and saw 9 of its levels.
You also visited: Ossuary.

You collected 443 gold pieces.
You spent 280 gold pieces at shops.

Inventory:

Armour
 a - a +1 robe (worn)
 q - a +0 pair of gloves (worn)
 w - a +0 cloak (worn)
Jewellery
 i - a ring of poison resistance (left hand)
 r - a ring of protection from cold (right hand)
 t - an uncursed ring of ice
Wands
 u - a wand of acid (7)
 v - a wand of polymorph (6)
Scrolls
 e - 3 scrolls of remove curse
 h - 4 scrolls of identify
 j - 7 scrolls of teleportation
 o - a scroll of magic mapping
 s - a scroll of amnesia
 x - a scroll of enchant armour
 y - a scroll of blinking
Potions
 b - 6 potions of curing
 c - 2 potions of heal wounds
 d - 2 potions of attraction
 f - 2 potions of invisibility
 k - 3 potions of brilliance
 l - 4 potions of mutation
 n - 3 potions of lignification
 p - 2 potions of haste


   Skills:
 + Level 6.2 Fighting
 - Level 2.1 Dodging
 + Level 7.4 Unarmed Combat
 - Level 3.0 Spellcasting
 * Level 7.5 Transmutations
 - Level 3.0 Poison Magic


You had 5 spell levels left.
You knew the following spells:

 Your Spells              Type           Power        Failure   Level
a - Beastly Appendage     Tmut           ###...       1%          1
b - Spider Form           Tmut/Pois      ###.......   8%          3
c - Blade Hands           Tmut           ###.......   28%         5

Your spell library contained the following spells:

 Spells                   Type           Power        Failure   Level
 Wereblood                Tmut           ###.....     1%          2
 Passwall                 Tmut/Erth      ##......     8%          2
 Animate Skeleton         Necr           #.....       22%         1
 Apportation              Tloc           #.....       22%         1
 Corona                   Hex            #......      22%         1
 Magic Dart               Conj           #...         22%         1
 Sandblast                Erth           #.....       22%         1
 Summon Small Mammal      Summ           #...         22%         1
 Blink                    Tloc           N/A          34%         2
 Call Imp                 Summ           #.......     34%         2
 Slow                     Hex            #.......     34%         2
 Mephitic Cloud           Conj/Pois/Air  #.......     41%         3
 Ice Form                 Ice/Tmut       ##......     43%         4
 Petrify                  Tmut/Erth      ##......     43%         4
 Conjure Flame            Conj/Fire      #.......     56%         3
 Stone Arrow              Conj/Erth      #.....       56%         3
 Lee's Rapid Deconstruct  Erth           #.........   99%         5


Dungeon Overview and Level Annotations

Branches:
Dungeon (8/15)             Temple (1/1) D:4         Ossuary (visited)
   Lair: D:8-11

Altars:
Ashenzari
Cheibriados
Dithmenos
Elyvilon
Fedhas
Gozag
Kikubaaqudgha
Makhleb
Nemelex Xobeh
Okawaru
Ru
Sif Muna
Trog
Uskayaw
Vehumet
Wu Jian
Xom
Yredelemnul
Zin
The Shining One

Shops:
D:4 *   D:6 !   D:8 :


Innate Abilities, Weirdness & Mutations

You have a beak for a mouth.
You have claws for feet.
You can fly continuously.


Message History

You hit the adder.
The adder is poisoned.
The adder is lightly wounded.
The adder completely misses you.
Your transformation has ended.
Your +0 cloak unmelds from your body.
Your +0 pair of gloves unmelds from your body.
Your +1 robe unmelds from your body.
You miss the adder. Your kick misses the adder. You peck the adder.
The adder is heavily wounded.
The adder barely misses you. The adder misses you.
You closely miss the adder. Your kick misses the adder.
The adder is heavily wounded.
The adder misses you.
As you read the scroll of teleportation, it crumbles to dust.
You feel strangely unstable. The adder closely misses you.
You hit the adder. You claw the adder.
You kill the adder!
The boulder beetle hits you!!!
Ouch! That really hurt!
You die...

#......##.......##..##......##..
##.......####.####..###.....#.#..
...........##().#...###.....#....
........>...#...##...#...........
............###.##..##...........
.......[[....#...#..##...........
.......##.#.....○○...............
.......######..##B...............
.......# #..##@.............#..
.......# ##.....................
#......####......................
#.....B.......#...........##.....
..............#...#....#####.....
..##..............###......#.....
..#.........>......##..........#.
..#..............[...........###.
#................#...........###.


You could see a boulder beetle.

Vanquished Creatures
  An orc warrior (D:6)
  2 sky beasts
  A phantom (D:4)
  A black bear (D:7)
  3 ogres
  2 centaurs
  3 bullfrogs (D:6)
  6 water moccasin zombies (Ossuary)
  A wyvern skeleton (D:7)
  A water moccasin skeleton (D:6)
  A bullfrog zombie (D:5)
  4 hounds
  A bullfrog skeleton (D:8)
  Crazy Yiuf (D:6)
  10 orc priests
  4 orc wizards
  An iguana (D:5)
  5 worker ants
  2 big kobold zombies (Ossuary)
  A hound zombie (D:6)
  2 mummies (Ossuary)
  A worker ant zombie (D:7)
  11 gnolls
  12 adders
  2 shadow imps
  A white imp (D:5)
  3 ufetubi (D:8)
  An adder skeleton (D:7)
  5 adder zombies
  3 worms
  2 dart slugs (D:1)
  6 leopard geckos
  30 orcs
  6 bats
  7 giant cockroaches
  7 goblins
  10 hobgoblins
  7 jackals
  3 kobolds
  3 quokkas
  5 frilled lizards
  2 gnoll zombies (Ossuary)
  6 hobgoblin zombies (Ossuary)
  3 kobold zombies (Ossuary)
  4 orc zombies (Ossuary)
  A quokka zombie (D:7)
  9 rats
203 creatures vanquished.

Vanquished Creatures (others)
  A hound skeleton (D:8)
  An adder skeleton (D:8)
  An orc zombie (Ossuary)
3 creatures vanquished.

Grand Total: 206 creatures vanquished

Notes
Turn   | Place    | Note
-------+----------+-------------------------------------------
     0 | D:1      | kae the Tengu Transmuter began the quest for the Orb.
     0 | D:1      | Reached XP level 1. HP: 12/12 MP: 4/4
   263 | D:1      | Reached XP level 2. HP: 15/16 MP: 4/6
   972 | D:1      | Reached XP level 3. HP: 8/20 MP: 5/7
   977 | D:1      | Learned a level 3 spell: Spider Form
  1870 | D:2      | Found a white marble altar of Elyvilon.
  3101 | D:3      | Reached XP level 4. HP: 25/26 MP: 6/8
  3616 | D:3      | Gained mutation: You can fly continuously. [Tengu growth]
  3616 | D:3      | Reached XP level 5. HP: 28/30 MP: 6/10
  4194 | D:3      | Found a shadowy altar of Dithmenos.
  4342 | D:3      | Reached skill level 1 in Poison Magic
  4411 | D:4      | Found Xijeyry's Lightly-Used Armoury.
  4460 | D:4      | Noticed a phantom
  4551 | D:4      | Reached XP level 6. HP: 36/36 MP: 9/11
  4603 | D:4      | Found a sand-covered staircase.
  4611 | Ossuary  | Entered an ossuary
  4992 | Ossuary  | Reached XP level 7. HP: 22/40 MP: 10/12
  5298 | Ossuary  | Learned a level 5 spell: Blade Hands
  6072 | D:4      | You are sucked into a shaft and drop 1 floor!
  6072 | D:5      | Entered Level 5 of the Dungeon
  6352 | D:4      | Reached skill level 5 in Unarmed Combat
  6635 | D:4      | Found a staircase to the Ecumenical Temple.
  6746 | Temple   | Entered the Ecumenical Temple
  6899 | D:4      | Reached XP level 8. HP: 32/48 MP: 10/13
  7152 | D:5      | Reached skill level 5 in Transmutations
  7679 | D:5      | You are sucked into a shaft and drop 2 floors!
  8758 | D:6      | Found a runed translucent door.
  8759 | D:6      | Noticed Crazy Yiuf
  8952 | D:6      | Reached skill level 5 in Fighting
  9207 | D:6      | Reached XP level 9. HP: 27/54 MP: 12/14
  9373 | D:6      | Found a snail-covered altar of Cheibriados.
  9376 | D:6      | Found Fudduorgh's Distillery.
  9454 | D:6      | Bought 2 potions of lignification for 84 gold pieces
  9454 | D:6      | Bought a potion of mutation for 112 gold pieces
  9454 | D:6      | Bought a potion of heal wounds for 70 gold pieces
  9454 | D:6      | Bought a potion of degeneration for 14 gold pieces
 10435 | D:6      | Killed Crazy Yiuf
 10789 | D:7      | Found a basalt altar of Yredelemnul.
 10857 | D:6      | Found a bloodstained altar of Trog.
 11952 | D:8      | Found Teinumiru's Book Emporium.
 12029 | D:8      | Found an iron altar of Okawaru.
 12062 | D:8      | Found an opulent altar of Gozag.
 12168 | D:8      | Noticed a boulder beetle
 12553 | D:8      | Noticed an efreet
 12597 | D:7      | Slain by a boulder beetle

Illustrated notes

Levels and vault maps discovered:
D:1:      lightli_arrival_farm, layout_basic, minmay_misc_feat_secret_circle
D:2:      layout_loops_cross, elyvilon_altar_1, lemuel_flame_loot_1
D:3:      layout_basic, grunt_dithmenos_smoke
D:4:      layout_basic, minmay_temple_entry_fiery, enter_ossuary_2,
          roderic_cross_of_infinity, minmay_shop_damaged
D:5:      minmay_bubble_buster, layout_loops_ring,
          chequers_serial_rivers_micro_e
D:6:      lemuel_upstairs_altar, layout_loops_corners, cheibriados_altar_1,
          serial_shops, shop, kennysheep_small_square, uniq_crazy_yiuf_cottage
D:7:      layout_cave_pools, basic_altar, grunt_ministairs_11
D:8:      minmay_the_grid_octo_2x2 [minmay_the_grid_octo_pinwheel,
          minmay_the_grid_octo_odd_swirl, minmay_the_grid_octo_vomiting_pacman,
          minmay_the_grid_octo_prize_ultimate_mussel_roller], layout_layer_cave,
          lemuel_crystal_altar, serial_shops, nicolae_shop_crystal,
          grunt_decor_cap, grunt_gozag_statues, uniq_pikel
Temple:   lightli_temple_of_artemis

Skill      XL: |  1  2  3  4  5  6  7  8  9 |
---------------+----------------------------+-----
Transmutations | 2 3 4 6 7 |  7.5
Fighting       | 2 4 5 6 |  6.2
Unarmed Combat | 4 5 6 7 |  7.4
Poison Magic   | 1 2 3 |  3.0
Spellcasting   | 3 |  3.0
Dodging        | |  2.1

Action                   |  1- 3 |  4- 6 |  7- 9 || total
-------------------------+-------+-------+-------++-------
Melee: Unarmed           |   104 |   175 |   435 ||   714
       Kick              |    24 |    26 |    25 ||    75
       Peck              |     7 |    16 |    17 ||    40
       Headbutt          |     6 |     9 |     5 ||    20
       Punch             |     1 |     2 |     3 ||     6
 Cast: Beastly Appendage |    26 |    11 |     7 ||    44
       Spider Form       |       |     8 |    58 ||    66
 Abil: Fly               |       |     1 |       ||     1
  Use: Scroll            |     7 |     1 |    11 ||    19
       Potion            |       |     1 |     3 ||     4
 Stab: Sleeping          |       |       |     1 ||     1
Armor: Robe              |    22 |    12 |    12 ||    46
       Skin              |       |     1 |     5 ||     6
Dodge: Dodged            |    83 |   111 |   401 ||   595

Table legend: (Time is in decaauts)
 A = Elapsed time spent in this place.
 B = Non-inter-level travel time spent in this place.
 C = Inter-level travel time spent in this place.
 D = Time resting spent in this place.
 E = Time spent auto-exploring this place.
 F = Levels seen in this place.
 G = Mean time per level.
                   A        B        C        D        E       F      G
               +--------+--------+--------+--------+--------+-----+--------+
         Total |  12234 |  11923 |    311 |   1595 |   8578 |  10 | 1223.4 |
       Dungeon |  10849 |  10548 |    301 |    930 |   8188 |   8 | 1356.1 |
        Temple |     99 |     89 |     10 |      0 |     77 |   1 |   99.0 |
       Ossuary |   1285 |   1285 |      0 |    665 |    312 |   1 | 1285.0 |
               +--------+--------+--------+--------+--------+-----+--------+

Top non-repeatable levels by time:
     D:6: 2301 daAuts
     D:1: 1984 daAuts
     D:3: 1417 daAuts
     D:7: 1353 daAuts
     D:5: 1335 daAuts
 Ossuary: 1285 daAuts
     D:2: 1038 daAuts
     D:4: 839 daAuts
     D:8: 579 daAuts
  Temple: 99 daAuts
